 Dungeon Crawl Stone Soup version 0.21-a0-529-g8c7b3f5 (webtiles) character file.

1535 Gorglomux the Vandal (level 9, -53/59 HPs)
             Began as a Halfling Ice Elementalist on Dec 9, 2017.
             Killed from afar by an orc (69 damage)
             ... with an exploding inner flame
             ... hexed by the player character
             ... on level 9 of the Dungeon.
             The game lasted 00:20:32 (7040 turns).

Gorglomux the Vandal (Halfling Ice Elementalist)    Turns: 7040, Time: 00:20:32

Health: -53/59     AC:  3    Str: 12    XL:     9   Next: 11%
Magic:  9/11       EV: 24    Int: 13    God:
Gold:   208        SH:  0    Dex: 20    Spells: 9/11 levels left

rFire    x . .     SeeInvis .   a - +2 dagger (speed)
rCold    + . .     Gourm    +   (shield restricted)
rNeg     . . .     Faith    .   C - +1 robe
rPois    .         Spirit   .   (no helmet)
rElec    .         Reflect  .   (no cloak)
rCorr    .         Harm     .   (no gloves)
MR       .....                  (no boots)
Stlth    +++.......             P - amulet of the gourmand
HPRegen  0.19/turn              e - ring of ice
MPRegen  0.12/turn              (no ring)

@: agile, hasted, very quick
A: small, mutation resistance 1
a: no special abilities


You were on level 9 of the Dungeon.
You were very full.

You visited 1 branch of the dungeon, and saw 7 of its levels.
You also visited: Sewer.

You collected 208 gold pieces.

Inventory:

Hand Weapons
 a - a +2 dagger of speed (weapon)
 b - a +0 hunting sling
 J - a +0 hand axe
Missiles
 D - 113 stones (quivered)
Armour
 C - a +1 robe (worn)
Jewellery
 e - a ring of ice (left hand)
 P - an amulet of the gourmand (around neck)
Scrolls
 B - 3 scrolls of blinking
 N - a scroll of teleportation {unknown}
 O - a scroll of enchant weapon {unknown}
 R - 2 scrolls of identify
 S - a scroll of fog {unknown}
 T - 3 scrolls of remove curse
 Z - a scroll of enchant armour
Potions
 K - a potion of heal wounds
 Q - a potion of curing
 V - a potion of flight {unknown}
 X - a potion of lignification {unknown}
 Y - 2 potions of mutation
Books
 H - a book of Frost

   Spells                             Type                      Level
   a - Freeze                         Ice                          1
   b - Throw Frost                    Conjuration/Ice              2
   c - Ozocubu's Armour               Charms/Ice                   3
   d - Throw Icicle                   Conjuration/Ice              4
   e - Summon Ice Beast               Ice/Summoning                4
 W - a book of Cantrips

   Spells                             Type                      Level
   a - Confusing Touch                Hexes                        1
   b - Animate Skeleton               Necromancy                   1
   c - Summon Small Mammal            Summoning                    1
   d - Apportation                    Translocation                1
Comestibles
 c - 4 bread rations
 z - 3 meat rations


   Skills:
 + Level 4.4 Fighting
 + Level 4.9 Short Blades
 + Level 6.0 Slings
 + Level 5.3 Armour
 + Level 5.9 Dodging
 - Level 2.1 Stealth
 - Level 1.5 Spellcasting
   Level 0.7 Conjurations
 - Level 3.0 Ice Magic


You had 9 spell levels left.
You knew the following spells:

 Your Spells              Type           Power        Failure   Level  Hunger
a - Freeze                Ice            ##..         8%          1    ##.....
b - Animate Skeleton      Necr           N/A          26%         1    ##.....


Dungeon Overview and Level Annotations

Branches:
Dungeon (6/15)
 Temple: D:4-7

Altars:
Gozag
Hepliaklqana
Kikubaaqudgha
Makhleb
Ru
Trog
Xom

Annotations:
D:4 Scuka's ghost, amateur GrEE
D:6 Grinder


Innate Abilities, Weirdness & Mutations

You are small and have problems with some larger weapons.
You are somewhat resistant to further mutation.


Message History

You feel yourself speed up!
Something butts butt!!! * * * don't die
* * * You spit the orc like a pig!
The orc butts severely wounded!
Butt command!
You spit the orc butt do no damage!
The orc is severely wounded!
Something barely misses you! The orc closely misses you!
Unknown command!
You skewer the orc butt do no damage!
The orc is severely wounded!
Something barely misses you!
Unknown command!
You spit the orc like a pig!
The orc butts!!!
The fiery explosion engulfs the two-headed ogre!
The two-headed ogre butts severely wounded!
The fiery explosion engulfs you!!! The fire burns you butt-ly!!!
DANG rip

#..[....# #.......#
#.......# #.......+
#.<.ol..# #{# #O#
########§# ###
......[§@## ..#
....##....### ####.## ..
##...#.# #.....# ...#
#....#.# #...>.#
.....#......#######.....#
#._.....##.'....##.....#
#...##.....####........#
##.# #..#'## ####)....#
##...###...# ####.##


You could see a two-headed ogre (inner flame), a wyvern (inner flame) and an orc
(inner flame).

Vanquished Creatures
  Pikel (D:5)
  Edmund (D:6)
  An ice beast (D:5)
  A centaur (D:6)
  3 bullfrogs
  A scorpion (D:5)
  A crimson imp (D:5)
  A bullfrog zombie (D:6)
  A bullfrog skeleton (D:5)
  A hound (D:4)
  Jessica (D:3)
  2 iguanas
  A worker ant (D:4)
  A worker ant zombie (D:5)
  3 gnolls (D:5)
  6 adders
  2 river rats (D:4)
  A shadow imp (D:3)
  20 oozes
  An adder skeleton (D:6)
  4 worms
  9 leopard geckos
  An orc (D:4)
  11 ball pythons
  12 giant cockroaches
  3 goblins
  4 hobgoblins
  8 jackals
  3 quokkas
  7 bats
  13 frilled lizards
  A kobold (D:1)
  12 rats
138 creatures vanquished.

Vanquished Creatures (collateral kills)
  4 leopard geckos (Sewer)
  A ball python (Sewer)
  A giant cockroach (Sewer)
6 creatures vanquished.

Vanquished Creatures (others)
  An ogre (D:5)
  3 orcs (D:5)
4 creatures vanquished.

Grand Total: 148 creatures vanquished

Notes
Turn   | Place    | Note
-------+----------+-------------------------------------------
     0 | D:1      | Gorglomux the Halfling Ice Elementalist began the quest for the Orb.
     0 | D:1      | Reached XP level 1. HP: 11/11 MP: 3/3
   271 | D:1      | Reached XP level 2. HP: 18/18 MP: 1/4
   594 | D:1      | Reached skill level 1 in Armour
   732 | D:1      | Reached skill level 1 in Fighting
   785 | D:1      | Reached XP level 3. HP: 22/23 MP: 3/5
  1242 | D:2      | Reached skill level 3 in Dodging
  1270 | D:2      | Reached XP level 4. HP: 20/28 MP: 6/6
  1379 | D:2      | Found a faded altar of an unknown god.
  1729 | D:3      | Noticed Jessica
  1734 | D:3      | Killed Jessica
  2075 | D:3      | Found a burning altar of Makhleb.
  2075 | D:3      | Found a hazy altar of Hepliaklqana.
  2091 | D:3      | Reached XP level 5. HP: 17/34 MP: 2/7
  2095 | D:3      | Found a faded altar of an unknown god.
  2097 | D:3      | Found a faded altar of an unknown god.
  2098 | D:3      | Found an ancient bone altar of Kikubaaqudgha.
  2529 | D:3      | Found a shimmering altar of Xom.
  2682 | D:4      | Noticed Scuka's ghost (amateur GrEE)
  2870 | D:4      | Found a glowing drain.
  2884 | D:4      | Reached skill level 1 in Slings
  2913 | Sewer    | Entered a sewer
  2959 | Sewer    | Reached skill level 1 in Short Blades
  2971 | Sewer    | Reached XP level 6. HP: 9/40 MP: 0/8
  3271 | Sewer    | Reached skill level 3 in Armour
  3469 | Sewer    | Reached skill level 2 in Slings
  3727 | Sewer    | Learned a level 1 spell: Animate Skeleton
  3829 | Sewer    | Reached XP level 7. HP: 32/45 MP: 0/9
  3876 | Sewer    | Reached skill level 3 in Slings
  4180 | D:4      | Reached skill level 3 in Fighting
  4669 | D:4      | Found a sacrificial altar of Ru.
  5131 | D:5      | Entered Level 5 of the Dungeon
  5155 | D:5      | Found an opulent altar of Gozag.
  5235 | D:5      | Reached skill level 3 in Short Blades
  5613 | D:5      | Reached skill level 4 in Slings
  5744 | D:5      | Noticed Pikel
  5817 | D:5      | Killed Pikel
  5817 | D:5      | Reached skill level 5 in Slings
  5817 | D:5      | Reached XP level 8. HP: 22/54 MP: 0/10
  6672 | D:6      | Reached XP level 9. HP: 58/58 MP: 5/11
  6715 | D:6      | Noticed Edmund
  6732 | D:6      | Killed Edmund
  6732 | D:6      | Reached skill level 6 in Slings
  6861 | D:6      | Noticed Grinder
  6978 | D:6      | You fall through a shaft for 3 floors!
  7004 | D:9      | Found a bloodstained altar of Trog.
  7023 | D:9      | Noticed a two-headed ogre
  7033 | D:9      | HP: 2/59 [something (10)]
  7040 | D:9      | Killed from afar by an orc

Vault maps used:
D:1:      dpeg_arrival_rooms_with_view, hex_medium
D:2:      chequers_ecumenical_altar_simple_redux
D:3:      chequers_temple_overflow_minitemple, tgw_xom, uniq_jessica
D:4:      elyvilon_altar_4, nicolae_overflow_hidden_temple,
          portal_sewer_entry_a, first_bread, minivault_27
D:5:      nicolae_gozag_seed_capital, uniq_pikel
D:6:      minmay_temple_entry_glass, serial_shops, nicolae_shop_crystal,
          uniq_edmund, uniq_grinder
D:9:      lair_entry_dummy, hangedman_little_slice_of_home,
          trog_three_pillars_becter
Sewer:    sewer_frog_island_02

Skill      XL: |  1  2  3  4  5  6  7  8  9 |
---------------+----------------------------+-----
Armour         | 1 2 3 4 5 |  5.3
Fighting       | 1 2 4 |  4.4
Dodging        | 3 4 5 |  5.9
Slings         | 1 2 5 6 |  6.0
Short Blades   | 1 2 4 |  4.9
Stealth        | |  2.1
Spellcasting   | |  1.5
Conjurations   | |  0.7
Ice Magic      | |  3.0

Action                   |  1- 3 |  4- 6 |  7- 9 || total
-------------------------+-------+-------+-------++-------
Melee: Unarmed           |     6 |       |       ||     6
       Short sword       |    21 |       |       ||    21
       Dagger            |    52 |   240 |   213 ||   505
 Fire: Hunting sling     |       |     1 |     3 ||     4
 Cast: Freeze            |    25 |    67 |    63 ||   155
       Animate Skeleton  |       |     2 |     2 ||     4
Evoke: Wand              |       |       |     1 ||     1
  Use: Scroll            |     4 |     4 |     4 ||    12
       Potion            |       |       |     4 ||     4
 Stab: Sleeping          |     3 |     5 |     4 ||    12
       Distracted        |       |       |     1 ||     1
  Eat: Chunk             |     2 |    21 |    18 ||    41
Armor: Robe              |    14 |    39 |    17 ||    70
Dodge: Dodged            |    58 |   199 |   160 ||   417

Table legend:
 A = Spawn XP
 B = Non-spawn XP
 C = Spawn XP percentage of total XP
 D = Spawn monster count
 E = Non-spawn monster count
 F = Spawn count percentage of total count
 G = Total turns spent on level
                    A         B        C        D         E        F      G
               +---------+---------+-------+---------+---------+-------+---------
         Total |       0 |    2194 |   0.0 |       0 |     144 |   0.0 |  7040
               +---------+---------+-------+---------+---------+-------+---------
           D:1 |       0 |      29 |   0.0 |       0 |      17 |   0.0 |   916
           D:2 |       0 |      43 |   0.0 |       0 |      14 |   0.0 |   768
           D:3 |       0 |      92 |   0.0 |       0 |      16 |   0.0 |  1424
           D:4 |       0 |     158 |   0.0 |       0 |      16 |   0.0 |   819
           D:5 |       0 |    1038 |   0.0 |       0 |      12 |   0.0 |  1304
           D:6 |       0 |     421 |   0.0 |       0 |       6 |   0.0 |   543
         Sewer |       0 |     413 |   0.0 |       0 |      63 |   0.0 |  1204
               +---------+---------+-------+---------+---------+-------+---------
